 Dungeon Crawl Stone Soup version 0.25-a0-1073-gf4359a17dd (webtiles) character file.

Game seed: 7816691101212887335, levelgen mode: deterministic

132 Flugslaktarn the Shield-Bearer (level 4, 0/41 HPs)
             Began as a Minotaur Fighter on May 14, 2020.
             Slain by Grinder (4 damage)
             ... on level 4 of the Dungeon.
             The game lasted 00:00:41 (1293 turns).

Flugslaktarn the Shield-Bearer (Minotaur Fighter)   Turns: 1293, Time: 00:00:42

Health: 0/41       AC:  9    Str: 21    XL:     4   Next: 92%
Magic:  3/3        EV:  5    Int:  5    God:
Gold:   52         SH:  9    Dex: 10    Spells: 3/3 levels left

rFire    . . .     SeeInvis .   a - +0 war axe
rCold    . . .     Gourm    .   c - +0 kite shield
rNeg     . . .     Faith    .   p - +0 chain mail
rPois    .         Spirit   .   (helmet restricted)
rElec    .         Reflect  .   (no cloak)
rCorr    .         Harm     .   (no gloves)
MR       .....                  (no boots)
Stlth    ..........             (no amulet)
HPRegen  0.13/turn              (no ring)
MPRegen  0.08/turn              (no ring)

@: mighty, lethally poisoned (0 -> -1)
A: retaliatory headbutt, horns 2
a: no special abilities


You were on level 4 of the Dungeon.
You were not hungry.

You visited 1 branch of the dungeon, and saw 4 of its levels.

You collected 52 gold pieces.

Inventory:

Hand Weapons
 a - a +0 war axe (weapon)
Armour
 b - a +0 scale mail
 c - a +0 kite shield (worn)
 p - a +0 chain mail (worn)
   (You found it on level 3 of the Dungeon)
Scrolls
 f - a scroll of enchant weapon {unknown}
 g - a scroll of blinking {unknown}
 h - a scroll of enchant armour {unknown}
 o - 2 scrolls of remove curse {unknown}
Potions
 j - a potion of brilliance {unknown}
 k - 2 potions of curing {unknown}
 l - a potion of haste {unknown}
 m - a potion of invisibility {unknown}
 n - a potion of degeneration {unknown}
Comestibles
 e - 8 rations
 i - 2 chunks of flesh


   Skills:
 + Level 4.4 Fighting
 * Level 4.3 Axes
 + Level 4.4 Armour
 + Level 4.4 Shields


You had 3 spell levels left.
You didn't know any spells.
Your spell library was empty.

Dungeon Overview and Level Annotations

Branches:
Dungeon (4/15)
 Temple: D:4-7

Altars:
Fedhas

Annotations:
D:4 Grinder


Innate Abilities, Weirdness & Mutations

You reflexively headbutt those who attack you in melee.
You have a pair of horns on your head.


Message History

Grinder says, "What is the universe for?"
Grinder hits you but does no damage. Grinder hits you.
You completely miss Grinder. You headbutt Grinder!
Grinder is moderately wounded.
You feel sick. You block Grinder's attack.
You completely miss Grinder.
Grinder is moderately wounded.
Grinder hits you.
* * * LOW HITPOINT WARNING * * *
You writhe in agony.
* * * LOW HITPOINT WARNING * * *
You slash Grinder! Your headbutt misses Grinder.
Grinder is heavily wounded.
You block Grinder's attack. Grinder hits you but does no damage.
Sorry, you're not good enough to have a special ability.
You feel very mighty all of a sudden.
You feel sick. Grinder hits you.
* * * LOW HITPOINT WARNING * * *
You writhe in agony.
You die...

# . .#
#####.###
#.......#
#..$....#
#.5.....#
#@.......
#<......#
#.......#
#.......#
#.......#
#.......#
#########


You could see Grinder.

Vanquished Creatures
  A scorpion (D:4)
  A hound (D:4)
  2 adders (D:2)
  An ooze (D:2)
  A dart slug (D:1)
  An orc (D:3)
  A giant cockroach (D:2)
  3 hobgoblins
  7 kobolds
  A quokka (D:3)
  5 bats
  2 frilled lizards
  2 goblins
  4 rats
32 creatures vanquished.

Notes
Turn   | Place    | Note
-------+----------+-------------------------------------------
     0 | D:1      | Flugslaktarn the Minotaur Fighter began the quest for the
                  | Orb.
     0 | D:1      | Reached XP level 1. HP: 19/19 MP: 0/0
   443 | D:1      | Reached XP level 2. HP: 27/27 MP: 1/1
   631 | D:2      | Found a blossoming altar of Fedhas.
   785 | D:2      | Reached XP level 3. HP: 33/33 MP: 2/2
  1280 | D:4      | Noticed Grinder
  1280 | D:4      | Noticed a scorpion
  1286 | D:4      | Killed a scorpion
  1286 | D:4      | Reached XP level 4. HP: 34/40 MP: 3/3
  1293 | D:4      | Slain by Grinder

Illustrated notes

Levels and vault maps discovered:
D:1:      dpeg_arrival_three_bigger_balls, layout_loops_corners
D:2:      layout_basic, vehumet_crystals, lemuel_doored_altar,
          fedhas_altar_fruit_tree
D:3:      layout_basic, nicolae_overflow_crystal_walls
D:4:      layout_rooms, lemuel_crystal_altar, grunt_temple_overflow_open,
          first_ration, uniq_grinder

Skill      XL: |  1  2  3 |
---------------+----------+-----
Axes           | 3 4 |  4.3
Shields        | 4 |  4.4
Fighting       | 4 |  4.4
Armour         | 4 |  4.4

Action                   |  1- 3 |  4- 6 || total
-------------------------+-------+-------++-------
Melee: War axe           |    71 |     6 ||    77
       Headbutt          |     9 |     3 ||    12
  Use: Potion            |       |     1 ||     1
  Eat: Chunk             |     1 |       ||     1
Armor: Scale mail        |    34 |       ||    34
       Chain mail        |     3 |     3 ||     6
Dodge: Dodged            |    16 |     1 ||    17
Block: Kite shield       |    32 |     2 ||    34

Table legend:
 A = Non-vault XP
 B = Vault XP
 C = Vault XP percentage of total XP
 D = Non-vault monster count
 E = Vault monster count
 F = Vault count percentage of total count
                 A         B        C        D         E       F
            +---------+---------+-------+---------+---------+-------
      Total |     189 |       0 |   0.0 |      32 |       0 |   0.0
            +---------+---------+-------+---------+---------+-------
        D:1 |      15 |       0 |   0.0 |       9 |       0 |   0.0
        D:2 |      50 |       0 |   0.0 |      14 |       0 |   0.0
        D:3 |      12 |       0 |   0.0 |       7 |       0 |   0.0
        D:4 |     112 |       0 |   0.0 |       2 |       0 |   0.0
            +---------+---------+-------+---------+---------+-------
